 Dungeon Crawl Stone Soup version 0.22.1-2-g9c5b331 (webtiles) character file.

74 Lilu the Skirmisher (level 4, 0/41 HPs)
             Began as a Minotaur Fighter on Nov 27, 2018.
             Killed by nerve-wracking pain
             ... invoked by Grinder
              (4 damage)
             ... on level 3 of the Dungeon.
             The game lasted 00:07:25 (1850 turns).

Lilu the Skirmisher (Minotaur Fighter)              Turns: 1850, Time: 00:07:26

Health: 0/41       AC:  7    Str: 23    XL:     4   Next: 9%
Magic:  3/3        EV:  7    Int:  5    God:
Gold:   74         SH:  9    Dex: 10    Spells: 3/3 levels left

rFire    + . .     SeeInvis .   a - +0 war axe
rCold    . . .     Gourm    .   c - +0 shield
rNeg     . . .     Faith    .   b - +0 scale mail
rPois    .         Spirit   .   (helmet restricted)
rElec    .         Reflect  .   (no cloak)
rCorr    .         Harm     .   (no gloves)
MR       .....                  (no boots)
Stlth    ..........             (no amulet)
HPRegen  0.13/turn              e - ring of protection from fire
MPRegen  0.08/turn              i - +2 ring of strength (curse)

@: no status effects
A: retaliatory headbutt, horns 2
a: no special abilities


You were on level 3 of the Dungeon.
You were not hungry.

You visited 1 branch of the dungeon, and saw 3 of its levels.

You collected 74 gold pieces.

Inventory:

Hand Weapons
 a - a +0 war axe (weapon)
Armour
 b - a +0 scale mail (worn)
 c - a +0 shield (worn)
Jewellery
 e - a ring of protection from fire (left hand)
 i - a cursed +2 ring of strength (right hand)
Scrolls
 h - a scroll of identify {unknown}
 k - a scroll of amnesia {unknown}
 o - a scroll of remove curse {unknown}
 q - a scroll of blinking {unknown}
 s - a scroll of enchant weapon {unknown}
Potions
 d - a potion of might
 g - a potion of resistance {unknown}
 j - 2 potions of heal wounds {unknown}
 l - 2 potions of lignification {unknown}
 m - 3 potions of curing {unknown}
 n - 2 potions of haste {unknown}
 p - a potion of flight {unknown}
Comestibles
 f - 6 rations
 r - 3 chunks of flesh


   Skills:
 + Level 4.3 Fighting
 + Level 3.3 Axes
 + Level 4.3 Armour
 + Level 4.3 Shields


You had 3 spell levels left.
You didn't know any spells.
Your spell library was empty.

Dungeon Overview and Level Annotations

Branches:
Dungeon (3/15)

Altars:
Ashenzari
Trog

Annotations:
D:3 Grinder


Innate Abilities, Weirdness & Mutations

You reflexively headbutt those who attack you in melee.
You have a pair of horns on your head.


Message History

Grinder is lightly wounded.
You block Grinder's attack.
You hit Grinder but do no damage. Your headbutt misses Grinder.
Grinder is lightly wounded.
Grinder hits you.
* * * LOW HITPOINT WARNING * * *
You writhe in agony.
* * * LOW HITPOINT WARNING * * *
Grinder blinks!
Grinder gestures at you.
You suddenly lose the ability to move!
You can move again.
A rat comes into view.
Found a stone staircase leading down.
Grinder gestures at you.
You barely resist.
There is a stone staircase leading down here.
Grinder gestures at you. Pain shoots through your body!
You die...

...# #....5...#
##.#######..#####.#
#.##.......# #.#
##.##.......#####5#####
......................#
##.##..รท....#####.###.#
##.##.......## #.###.###
##.#####.<...####>......#
...## ##.......@..##.#>#
....# ##.#######.# ###.#
#.# .# # #.# #.# .# # #.#
#+## .# # #.# ##...## .#
###.# ##...[.## ..
.##.###.......##
..#.##.........#


You could see Grinder.

Vanquished Creatures
  A gnoll (D:1)
  An adder (D:2)
  3 worms (D:2)
  2 leopard geckos (D:2)
  5 bats
  2 giant cockroaches
  5 goblins
  9 hobgoblins
  A quokka (D:2)
  A ball python (D:1)
  4 frilled lizards
  3 kobolds
  3 rats
40 creatures vanquished.

Notes
Turn   | Place    | Note
-------+----------+-------------------------------------------
     0 | D:1      | Lilu the Minotaur Fighter began the quest for the Orb.
     0 | D:1      | Reached XP level 1. HP: 19/19 MP: 0/0
   177 | D:1      | Reached XP level 2. HP: 27/27 MP: 1/1
   399 | D:1      | Reached XP level 3. HP: 32/33 MP: 2/2
   909 | D:2      | Found a bloodstained altar of Trog.
  1365 | D:2      | Reached XP level 4. HP: 30/41 MP: 3/3
  1461 | D:2      | Found a shattered altar of Ashenzari.
  1808 | D:3      | Noticed Grinder
  1829 | D:3      | Paralysed by Grinder for 5 turns
  1836 | D:3      | HP: 2/41 [Grinder (1)]
  1840 | D:3      | Paralysed by Grinder for 3 turns
  1850 | D:3      | Killed from afar by Grinder

Skill      XL: |  1  2  3 |
---------------+----------+-----
Fighting       | 4 |  4.3
Armour         | 4 |  4.3
Shields        | 4 |  4.3
Axes           | 3 |  3.3

Action                   |  1- 3 |  4- 6 || total
-------------------------+-------+-------++-------
Melee: War axe           |    91 |    15 ||   106
       Headbutt          |     9 |     2 ||    11
  Eat: Chunk             |     2 |     1 ||     3
Armor: Scale mail        |    28 |     2 ||    30
Dodge: Dodged            |    30 |     5 ||    35
Block: Shield            |    43 |     4 ||    47
